 Seeded DCSS version 0.30-a0-626-gd6a5dd7a1f (webtiles) character file.

Game seed: 2941689563823002192 (custom seed)

263 voltaire321 the Digger (level 6, -1/40 HPs)
             Began as an Octopode Earth Elementalist on Jan 10, 2023.
             Was an Initiate of Vehumet.
             Slain by a gnoll
             ... wielding a +0 club
              (7 damage)
             ... on level 3 of the Dungeon on Jan 11, 2023.
             The game lasted 00:09:24 (3108 turns).

voltaire321 the Digger (OpEE)                       Turns: 3108, Time: 00:09:24

Health: -1/40      AC:  1    Str:  7    XL:     6   Next: 19%
Magic:  5/10       EV: 19    Int: 19    God:    Vehumet [......]
Gold:   129        SH:  0    Dex: 13    Spells: 5/11 levels left

rFire   + . .      SeeInvis .    d - +0 dagger
rCold   + . .      Faith    .    (no shield)
rNeg    . . .      Spirit   .    (helmet restricted)
rPois   +          Reflect  .    b - amulet of regeneration
rElec   +          Harm     .    p - +5 ring of evasion
rCorr   +          Rampage  .    (no ring)
Will    .....                    (no ring)
Stlth   +++                      (no ring)
HPRegen 1.06/turn                (no ring)
MPRegen 0.12/turn                (no ring)
                                 (no ring)
                                 (no ring)

@: resistant
A: almost no armour, amphibious, 8 rings, camouflage 1, gelatinous body 1,
(nimble swimmer 1), tentacles
a: Renounce Religion


You were on level 3 of the Dungeon.
You worshipped Vehumet.
Vehumet was noncommittal.
You visited 1 branch of the dungeon, and saw 4 of its levels.

You collected 155 gold pieces.
You spent 26 gold pieces at shops.

Inventory:

Hand Weapons
 d - a +0 dagger (weapon)
Jewellery
 b - an amulet of regeneration (around mantle)
 p - a +5 ring of evasion (left tentacle)
 s - a +5 ring of evasion
Wands
 i - a wand of flame (17)
 k - a wand of polymorph (15)
Scrolls
 e - a scroll of fear {unknown}
 f - a scroll of teleportation {unknown}
 g - 3 scrolls of acquirement {unknown}
 j - 4 scrolls of identify
 m - a scroll of vulnerability {unknown}
 r - a scroll of enchant armour {unknown}
 t - 2 scrolls of immolation {unknown}
 u - a scroll of blinking {unknown}
 v - a scroll of noise {unknown}
 w - a scroll of poison {unknown}
Potions
 a - 2 potions of magic
 c - a potion of resistance
 h - a potion of attraction {unknown}
 l - a potion of lignification {unknown}
 n - a potion of ambrosia {unknown}
 o - a potion of curing {unknown}
 q - a potion of invisibility {unknown}


   Skills:
 + Level 2.3 Fighting
 + Level 3.3 Dodging
 - Level 2.6 Stealth
 + Level 3.0 Spellcasting
 + Level 0.6 Conjurations
 + Level 2.7 Transmutations
 + Level 3.9 Earth Magic


You had 5 spell levels left.
You knew the following spells:

 Your Spells              Type           Power      Damage    Failure   Level
a - Sandblast             Erth           34%        2d9       3%          1
b - Passwall              Tmut/Erth      12%        N/A       6%          2
c - Stone Arrow           Conj/Erth      22%        3d8       19%         3

Your spell library contained the following spells:

 Spells                   Type           Power      Damage    Failure   Level
 Petrify                  Tmut/Erth      15%        N/A       36%         4
 Borgnjor's Vile Clutch   Necr/Erth      5%         N/A       88%         5
 Alistair's Intoxication  Tmut/Pois      5%         N/A       94%         5
 Eringya's Noxious Bog    Tmut/Pois      4%         N/A       100%        6


Dungeon Overview and Level Annotations

Branches:
Dungeon (4/15)
 Temple: D:4-7

Altars:
Trog
Vehumet
Xom

Shops:
D:2 *


Innate Abilities, Weirdness & Mutations

You cannot wear most types of armour.
You are amphibious.
You can wear up to eight rings at the same time.
Your skin changes colour to match your surroundings (Stealth+).
Your rubbery body absorbs attacks. (AC +1, EV +1)
((You are camouflaged when in or above water. (Stealth+)))
You have tentacles for arms and can constrict up to eight enemies at once.


Message History

Casting: Sandblast (safe; 3% risk of failure)
Confirm with . or Enter, or press ? or * to list all spells.
Aiming: Sandblast (safe; 3% risk of failure)
Press: ? - help, Shift-Dir - straight line, f/p - gnoll
Aim: a gnoll, wielding a +0 flail (84% to hit)
The blast of sand hits the gnoll!
The gnoll is almost dead.
The hobgoblin barely misses you. The gnoll hits you with a +0 club.
* * * LOW HITPOINT WARNING * * *
The gnoll misses you. The hobgoblin misses you. The gnoll misses you.
The gnoll closely misses you.
Casting: Sandblast (safe; 3% risk of failure)
Confirm with . or Enter, or press ? or * to list all spells.
Aiming: Sandblast (safe; 3% risk of failure)
Press: ? - help, Shift-Dir - straight line, f/p - gnoll
Aim: a gnoll, wielding a +0 flail (almost dead, 84% to hit)
The blast of sand misses the gnoll.
The hobgoblin completely misses you. The gnoll closely misses you.
The gnoll hits you with a +0 flail.
* * * LOW HITPOINT WARNING * * *
Casting: Sandblast (safe; 3% risk of failure)
Confirm with . or Enter, or press ? or * to list all spells.
Aiming: Sandblast (safe; 3% risk of failure)
Press: ? - help, Shift-Dir - straight line, f/p - gnoll
Aim: a gnoll, wielding a +0 flail (almost dead, 84% to hit)
The blast of sand hits the gnoll.
You kill the gnoll!
Vehumet accepts your kill. The hobgoblin hits you.
* * * LOW HITPOINT WARNING * * *
The gnoll completely misses you. The hobgoblin misses you.
The gnoll closely misses you.
Casting: Sandblast (safe; 3% risk of failure)
Confirm with . or Enter, or press ? or * to list all spells.
Aiming: Sandblast (safe; 3% risk of failure)
Press: ? - help, Shift-Dir - straight line, f - hobgoblin
Aim: a hobgoblin (82% to hit)
The blast of sand hits the hobgoblin.
The hobgoblin is severely wounded.
The hobgoblin barely misses you. The gnoll hits you with a +0 club!
You die...

##...# ##)# #.# #..###
##..### #.# #.#### ##.....##
###.#
#....###...##..##########....
#..#.#.#.#.#.#.#.#.#.#.##.#.#
#.......................#...#
#.##.#.#.#.#.#.#.#.#.#.##.###
#.#........)gg......."..###
#.##.#.#.#.#@#.#.#.#.#.##
#......#################
########


You could see a gnoll and a hobgoblin.

Vanquished Creatures
  An iguana (D:3)
  Natasha (thrice) (D:2)
  Robin (D:2)
  3 adders (D:2)
  2 gnolls (D:3)
  A white imp (D:3)
  2 worms
  2 dart slugs
  An orc (D:3)
  7 ball pythons
  5 endoplasms
  11 hobgoblins
  2 jackals (D:1)
  6 quokkas
  6 bats
  5 frilled lizards
  17 goblins
  5 kobolds
  9 rats
89 creatures vanquished.

Notes
Turn   | Place    | Note
-------+----------+-------------------------------------------
     0 | D:1      | voltaire321 the Octopode Earth Elementalist began the quest
                  | for the Orb.
     0 | D:1      | Reached XP level 1. HP: 11/11 MP: 3/3
    67 | D:1      | Reached XP level 2. HP: 18/18 MP: 0/5
   134 | D:1      | Found a faded altar of an unknown god.
   419 | D:1      | Reached XP level 3. HP: 22/22 MP: 6/6
   433 | D:1      | Reached skill level 1 in Fighting
   850 | D:2      | Noticed Natasha
   854 | D:2      | Killed Natasha
   855 | D:2      | Reached XP level 4. HP: 28/28 MP: 5/7
   956 | D:2      | Noticed Natasha
   960 | D:2      | Killed Natasha
  1009 | D:2      | Reached XP level 5. HP: 34/34 MP: 4/9
  1217 | D:2      | Found Hoanwet's General Store.
  1222 | D:2      | Noticed Natasha
  1229 | D:2      | Noticed Robin
  1233 | D:2      | Killed Natasha
  1305 | D:2      | Killed Robin
  1405 | D:2      | Bought a scroll of identify for 26 gold pieces
  1677 | D:2      | Upgraded the game from 0.30-a0-622-gddc90eaa04 to
                  | 0.30-a0-626-gd6a5dd7a1f
  1942 | D:3      | Learned a level 2 spell: Passwall
  1946 | D:3      | Learned a level 3 spell: Stone Arrow
  2177 | D:3      | Found a bloodstained altar of Trog.
  2177 | D:3      | Found a radiant altar of Vehumet.
  2182 | D:3      | Became a worshipper of Vehumet
  2363 | D:3      | Found a shimmering altar of Xom.
  2970 | D:3      | Reached XP level 6. HP: 39/39 MP: 4/10
  3108 | D:3      | Slain by a gnoll

Illustrated notes

Levels and vault maps discovered:
D:1:      onia_arrival_handbag, layout_rooms,
          shapermc_ecumenical_altar_mp_highgroup, minmay_pentomino_q2
D:2:      layout_basic, serial_shops, nicolae_shop_stone, uniq_natasha,
          uniq_robin
D:3:      layout_basic, gammafunk_temple_overflow_wave, xom_teletrap_fun,
          st_stairs_13, grunt_ministairs_5, minmay_fractal_squares_gapless_5
D:4:      layout_basic, serial_shops, nicolae_shop_behind_doors, uniq_pikel

Skill      XL: |  1  2  3  4  5 |
---------------+----------------+-----
Fighting       | 1 2 |  2.3
Transmutations | 2 |  2.7
Dodging        | 3 |  3.3
Spellcasting   | 3 |  3.0
Stealth        | |  2.6
Conjurations   | |  0.6
Earth Magic    | |  3.9

Action                   |  1- 3 |  4- 6 || total
-------------------------+-------+-------++-------
Melee: Unarmed           |     3 |       ||     3
       Tentacles         |     4 |    12 ||    16
       Dagger            |    16 |    41 ||    57
       Constrict         |     4 |    16 ||    20
 Cast: Sandblast         |    36 |    78 ||   114
  Use: Potion            |       |     1 ||     1
 Stab: Sleeping          |     2 |     2 ||     4
Armor: Skin              |       |     3 ||     3
Dodge: Dodged            |    13 |    74 ||    87

Table legend: (Time is in decaauts)
 A = Elapsed time spent in this place.
 B = Non-inter-level travel time spent in this place.
 C = Inter-level travel time spent in this place.
 D = Time resting spent in this place.
 E = Time spent auto-exploring this place.
 F = Levels seen in this place.
 G = Mean time per level.
                   A        B        C        D        E       F      G
               +--------+--------+--------+--------+--------+-----+--------+
         Total |   3174 |   2965 |    209 |    248 |   1957 |   4 |  793.5 |
       Dungeon |   3174 |   2965 |    209 |    248 |   1957 |   4 |  793.5 |
               +--------+--------+--------+--------+--------+-----+--------+

Top non-repeatable levels by time:
     D:3: 1352 daAuts
     D:2: 956 daAuts
     D:1: 823 daAuts
     D:4: 42 daAuts
